 Dungeon Crawl Stone Soup version 0.26-a0-667-g92642533e4 (webtiles) character file.

Game seed: 9162452698558928694

33835 miscthings the Covert (level 14, -9/90 HPs)
             Began as a Kobold Berserker on Oct 16, 2020.
             Was an Elder of Trog.
             Mangled by a catoblepas (25 damage)
             ... on level 2 of the Lair of Beasts.
             The game lasted 00:45:41 (20544 turns).

miscthings the Covert (Kobold Berserker)           Turns: 20544, Time: 00:45:42

Health: -9/90      AC: 10    Str: 14    XL:     14   Next: 10%
Magic:  14/14      EV: 27    Int: 14    God:    Trog [****..]
Gold:   878        SH:  0    Dex: 14    Spells: 13/13 levels left

rFire    . . .     SeeInvis .   w - +9 hand crossbow (vorpal)
rCold    . . .     Faith    +   (shield restricted)
rNeg     + . .     Spirit   .   H - +0 steam dragon scales
rPois    +         Reflect  .   (no helmet)
rElec    .         Harm     .   L - +1 cloak
rCorr    .         Rampage  .   c - +0 pair of gloves
MR       +....                  N - +1 pair of boots
Stlth    ++++++....             b - amulet of faith
HPRegen  0.25/turn              R - ring "Xuyfos" {rPois rN+}
MPRegen  0.14/turn              Q - +4 ring of evasion

@: no status effects
A: small, nightstalker 3
a: Berserk, Trog's Hand, Brothers in Arms, Renounce Religion


You were on level 2 of the Lair of Beasts.
You worshipped Trog.
Trog was greatly pleased with you.
You visited 2 branches of the dungeon, and saw 15 of its levels.
You also visited: Sewer.

You collected 923 gold pieces.
You spent 45 gold pieces at shops.

Inventory:

Hand Weapons
 q - a +3 dagger
 w - a +9 vorpal hand crossbow (weapon)
Missiles
 i - 51 bolts (quivered)
 m - 3 throwing nets
 s - 2 curare-tipped darts
Armour
 c - a +0 pair of gloves (worn)
 p - a +0 ring mail of cold resistance
 H - +0 steam dragon scales (worn)
 L - a +1 cloak (worn)
 M - a +1 buckler of fire resistance
 N - a +1 pair of boots (worn)
Jewellery
 b - an amulet of faith (around neck)
 g - an uncursed ring of magical power
 E - an uncursed amulet of regeneration
 Q - a +4 ring of evasion (right hand)
 R - the ring "Xuyfos" (left hand) {rPois rN+}
   (You found it on level 13 of the Dungeon)

   [ring of poison resistance]

   It protects you from poison.
   It protects you from negative energy.
Wands
 a - a wand of iceblast (12)
 v - a wand of random effects (59)
 A - a wand of enslavement (4)
 D - a wand of disintegration (6)
 I - a wand of digging (3)
 S - a wand of paralysis (9)
Scrolls
 d - 5 scrolls of remove curse
 f - 3 scrolls of magic mapping
 k - 4 scrolls of amnesia
 l - 4 scrolls of teleportation
 n - 2 scrolls of fear
 r - 6 scrolls of fog
 F - a scroll of blinking
 J - 2 scrolls of immolation
 K - 2 scrolls of enchant weapon
 O - a scroll of identify {@r1}
 P - a scroll of summoning
Potions
 e - a potion of resistance
 h - 4 potions of might
 j - 4 potions of lignification
 o - 2 potions of magic
 t - 4 potions of flight
 u - 2 potions of haste
 x - 2 potions of heal wounds
 y - 15 potions of curing
 z - a potion of cancellation
 B - a potion of stabbing
 C - 3 potions of brilliance
 G - 2 potions of ambrosia


   Skills:
 + Level 11.0 Fighting
 - Level 10.0 Short Blades
 - Level 10.5 Crossbows
 - Level 5.0 Throwing
 + Level 2.7 Armour
 + Level 11.6 Dodging
 + Level 13.2 Stealth
 * Level 3.0 Shields
 + Level 11.4 Evocations


You had 13 spell levels left.
You didn't know any spells.
Your spell library was empty.

Dungeon Overview and Level Annotations

Branches:
Dungeon (13/15)            Temple (0/1) D:6            Lair (2/6) D:10
    Orc (0/2) D:12          Sewer (visited)
  Swamp: Lair:2-4    Shoals: Lair:2-4     Snake: Lair:2-4    Spider: Lair:2-4
 Vaults: D:13-14

Altars:
Fedhas
Makhleb
Okawaru
Uskayaw
Vehumet
Yredelemnul
The Shining One

Shops:
D:5 [   D:11 :

Annotations:
D:10 2 transporters


Innate Abilities, Weirdness & Mutations

You are small and have problems with some larger weapons.
You are completely attuned to the shadows.


Message History

You shoot a bolt.
The bolt completely misses the catoblepas.
The wolf howls!
You hear a loud, deep croak!
The catoblepas gores you!!
* * * LOW HITPOINT WARNING * * *
A water moccasin comes into view.
The yak is engulfed in calcifying dust.
The yak stops moving altogether!
The wolf is engulfed in calcifying dust.
The wolf is moving more slowly.
The wolf barely misses you.
The yak is engulfed in calcifying dust.
Firing (i - inventory. (/) - cycle)
i - 52 bolts (quivered)
Press: ? - help, Shift-Dir - straight line, f/p - catoblepas
Aim: a catoblepas (severely wounded)
You shoot a bolt. The water moccasin hisses angrily.
The bolt hits the catoblepas.
The catoblepas is almost dead.
The wolf is engulfed in calcifying dust.
The wolf stops moving altogether!
The catoblepas gores you!!
You die...

.....♣.... ##........ ...........
.####........ ............
..........(.. ............
.............
.................................
.......#.....S...................
.................................
.................................
...............h@............#...
............#.#.Y§....#####..#...
.........#.####§Y.... ###....
........#.## #.§.... #....
#.....P#### ###(..... ###..
.....####(###..>..... #..
.....P##(#Y###....... ##.
......#Y###(#Y(...... ####.
....##.## ##..Y...... ##†##.


You could see a catoblepas, a yak (petrified), a water moccasin and a wolf
(petrified).

Vanquished Creatures
  Harold (D:7)
  Erolcha (D:9)
  2 boulder beetles (D:11)
  2 hydras
  A death knight (D:13)
  3 centaur warriors (D:13)
  2 two-headed ogres (D:12)
  Urug (D:10)
  A skeletal warrior (D:13)
  An unseen horror (D:11)
  An ugly thing (D:11)
  3 slime creatures (D:13)
  A deep elf mage (D:12)
  A manticore (D:13)
  2 black mambas (Lair:1)
  A gargoyle (D:12)
  4 cane toads
  A rime drake (Lair:1)
  Maggie (D:8)
  A kobold demonologist (D:13)
  A komodo dragon (Lair:1)
  2 trolls
  2 hornets
  A meliai zombie (D:11)
  Sigmund (D:4)
  2 wraiths (D:13)
  30 yaks
  4 wyverns
  A steam dragon (D:13)
  2 basilisks
  Grum (D:9)
  A vampire mosquito (D:13)
  Duvessa (D:7)
  9 water moccasins
  2 orc warriors (D:12)
  3 sky beasts
  4 ice beasts
  2 black bears
  An eye of draining (D:10)
  37 wolves
  A necrophage (D:9)
  An ogre (D:6)
  3 phantoms
  3 centaurs
  3 big kobolds
  13 bullfrogs
  Dowan (D:7)
  A wyvern zombie (D:13)
  4 scorpions
  5 killer bees (D:10)
  22 wights
  9 howler monkeys
  3 centaur zombies
  2 bullfrog zombies
  8 hounds
  3 orc priests
  3 jellies
  14 orc wizards
  4 bullfrog skeletons
  5 iguanas
  12 worker ants
  A statue (D:8)
  4 hound skeletons
  A worker ant zombie (D:8)
  13 adders
  4 shadow imps
  4 white imps
  2 ufetubi
  2 oozes (Sewer)
  2 worms
  A dart slug (D:3)
  13 leopard geckos
  47 orcs
  8 ball pythons
  7 giant cockroaches
  8 hobgoblins
  16 jackals
  4 quokkas
  11 bats
  8 frilled lizards
  A giant cockroach zombie (D:5)
  4 goblins
  A jackal zombie (D:5)
  30 kobolds
  A leopard gecko skeleton (D:4)
  7 rats
458 creatures vanquished.

Vanquished Creatures (collateral kills)
  A boulder beetle (Lair:1)
  A skeletal warrior (D:13)
  A slime creature (D:13)
  3 vampire mosquitoes (D:13)
  5 wolves (Lair:2)
11 creatures vanquished.

Vanquished Creatures (others)
  A soldier ant (D:13)
  A sky beast (D:13)
  A bush (Lair:2)
  7 fungi (Lair:2)
  14 plants
24 creatures vanquished.

Grand Total: 493 creatures vanquished

Notes
Turn   | Place    | Note
-------+----------+-------------------------------------------
     0 | D:1      | miscthings the Kobold Berserker began the quest for the
                  | Orb.
     0 | D:1      | Reached XP level 1. HP: 14/14 MP: 1/1
   164 | D:1      | Reached XP level 2. HP: 4/19 MP: 2/2
   802 | D:1      | Reached skill level 5 in Short Blades
  1174 | D:2      | Reached XP level 3. HP: 19/23 MP: 3/3
  1647 | D:2      | Reached XP level 4. HP: 28/28 MP: 4/4
  2119 | D:3      | Reached ** piety under Trog
  2167 | D:3      | Reached XP level 5. HP: 30/32 MP: 5/5
  2715 | D:3      | Reached XP level 6. HP: 37/37 MP: 6/6
  3021 | D:3      | Found a blossoming altar of Fedhas.
  3039 | D:3      | Found a glowing golden altar of the Shining One.
  3039 | D:3      | Found a burning altar of Makhleb.
  3353 | D:4      | Reached *** piety under Trog
  3364 | D:4      | Reached skill level 1 in Stealth
  3703 | D:4      | Noticed Sigmund
  3715 | D:4      | Killed Sigmund
  3715 | D:4      | Reached skill level 1 in Throwing
  3715 | D:4      | Reached skill level 2 in Stealth
  3715 | D:4      | Reached skill level 1 in Evocations
  3715 | D:4      | Reached XP level 7. HP: 17/42 MP: 7/7
  3796 | D:4      | Found a glowing drain.
  3848 | Sewer    | Entered a sewer
  4115 | Sewer    | Reached **** piety under Trog
  4376 | D:4      | Reached XP level 8. HP: 39/48 MP: 8/8
  4569 | D:4      | Reached skill level 1 in Crossbows
  4569 | D:4      | Reached skill level 3 in Stealth
  4854 | D:5      | Entered Level 5 of the Dungeon
  5005 | D:5      | Found Caiwn's Armour Emporium.
  5010 | D:5      | Bought a +0 pair of boots for 45 gold pieces
  5440 | D:5      | Reached skill level 10 in Short Blades
  5676 | D:6      | Reached skill level 4 in Stealth
  5800 | D:6      | Found a staircase to the Ecumenical Temple.
  5818 | D:6      | Reached XP level 9. HP: 52/52 MP: 9/9
  5909 | D:6      | Reached skill level 5 in Fighting
  6154 | D:6      | Reached ***** piety under Trog
  6156 | D:6      | Reached skill level 5 in Dodging
  6156 | D:6      | Reached skill level 5 in Stealth
  6312 | D:6      | Found a hide-covered altar of Uskayaw.
  6317 | D:6      | Noticed a +0 hand axe
  6318 | D:6      | Noticed a +0 dagger
  7353 | D:7      | Noticed Dowan
  7360 | D:7      | Reached skill level 6 in Stealth
  7362 | D:7      | Reached skill level 5 in Evocations
  7362 | D:7      | Noticed Duvessa
  7370 | D:7      | Killed Duvessa
  7381 | D:7      | Reached XP level 10. HP: 24/60 MP: 10/10
  7382 | D:7      | Killed Dowan
  7455 | D:7      | HP: 2/60 [disintegration (18)]
  7795 | D:7      | Reached skill level 5 in Throwing
  8348 | D:7      | Noticed Harold
  8355 | D:7      | Killed Harold
  8355 | D:7      | Reached skill level 5 in Crossbows
  8355 | D:7      | Reached skill level 7 in Stealth
  8842 | D:8      | Received a gift from Trog
  9042 | D:8      | Found a radiant altar of Vehumet.
  9198 | D:8      | Noticed Maggie
  9211 | D:8      | Killed Maggie
  9332 | D:8      | Reached skill level 8 in Stealth
  9453 | D:9      | Noticed Erolcha
  9505 | D:9      | Killed Erolcha
  9505 | D:9      | Reached XP level 11. HP: 50/67 MP: 11/11
  9694 | D:9      | Found a basalt altar of Yredelemnul.
  9856 | D:9      | Paralysed by a hornet for 2 turns
  9967 | D:9      | You fall into a shaft and drop 3 floors!
 10151 | D:12     | Noticed a deep elf mage
 10156 | D:12     | Killed a deep elf mage
 10156 | D:12     | Reached skill level 9 in Stealth
 10898 | D:11     | Noticed a brown ugly thing
 11138 | D:12     | Found a staircase to the Orcish Mines.
 11342 | D:12     | Noticed a two-headed ogre
 11348 | D:12     | Killed a two-headed ogre
 11348 | D:12     | Reached skill level 10 in Stealth
 11445 | D:11     | Killed an unseen horror
 11445 | D:11     | Reached XP level 12. HP: 54/75 MP: 12/12
 11672 | D:10     | Entered Level 10 of the Dungeon
 11783 | D:10     | Found a staircase to the Lair.
 11786 | D:10     | Noticed Urug
 11790 | D:10     | Killed Urug
 11886 | D:10     | Reached ****** piety under Trog
 12046 | D:10     | Found a transporter.
 12046 | D:10     | Found a transporter.
 12049 | D:10     | Noticed a two-headed ogre
 12049 | D:10     | Noticed an orc high priest
 12143 | D:10     | Received a gift from Trog
 12350 | D:10     | Reached skill level 11 in Stealth
 12589 | D:9      | Found an iron altar of Okawaru.
 12661 | D:9      | Noticed Grum
 12703 | D:9      | Killed Grum
 13414 | D:11     | Noticed a boulder beetle
 13447 | D:11     | Killed a boulder beetle
 13720 | D:11     | Noticed a boulder beetle
 14122 | D:11     | Reached skill level 10 in Dodging
 14329 | D:11     | Killed a boulder beetle
 14386 | D:11     | Found Qinlauk's Book Shoppe.
 14585 | D:11     | You fall into a shaft and drop 2 floors!
 14611 | D:13     | Noticed a centaur warrior
 14615 | D:13     | Killed a centaur warrior
 14662 | D:13     | Got a crude tin ring
 14664 | D:13     | Identified the ring "Xuyfos" {rPois rN+} (You found it on
                  | level 13 of the Dungeon)
 14690 | D:13     | Received a gift from Trog
 14809 | D:13     | Reached skill level 10 in Evocations
 15046 | D:13     | Noticed a six-headed hydra
 15097 | D:13     | Killed a six-headed hydra
 15150 | D:13     | Reached XP level 13. HP: 82/82 MP: 13/13
 15170 | D:13     | Noticed a centaur warrior
 15175 | D:13     | Killed a centaur warrior
 15175 | D:13     | Reached skill level 10 in Crossbows
 15206 | D:13     | Noticed a centaur warrior
 15220 | D:13     | Killed a centaur warrior
 15220 | D:13     | Reached skill level 10 in Fighting
 15247 | D:13     | Reached skill level 12 in Stealth
 16915 | Lair:1   | Entered Level 1 of the Lair of Beasts
 17585 | Lair:1   | Identified a scroll of acquirement
 17645 | Lair:1   | Acquired a +1 buckler of fire resistance
 18091 | Lair:1   | You fall into a shaft and drop 1 floor!
 18440 | Lair:1   | Found a transporter.
 18442 | Lair:1   | Found a transporter.
 18444 | Lair:1   | Noticed a boulder beetle
 18456 | Lair:1   | Reached skill level 1 in Shields
 19446 | Lair:1   | Killed a boulder beetle
 19446 | Lair:1   | Reached skill level 13 in Stealth
 19628 | Lair:2   | Received a gift from Trog
 19651 | Lair:2   | Got a smouldering quarterstaff {god gift}
 19661 | Lair:1   | Identified the +8 quarterstaff "Uwoph" {flame, Fragile +Inv
                  | rN+++ Str-4} (Trog gifted it to you on level 2 of the Lair
                  | of Beasts)
 19749 | Lair:2   | Noticed a five-headed hydra
 19755 | Lair:2   | Killed a five-headed hydra
 20370 | Lair:2   | Reached XP level 14. HP: 58/88 MP: 14/14
 20544 | Lair:2   | Mangled by a catoblepas

Illustrated notes

Levels and vault maps discovered:
D:1:      eino_arrival_druids_welcome, layout_basic, nrook_mini_backslash
D:2:      layout_loops_ring
D:3:      layout_loops_cross, minitemple
D:4:      layout_rooms, serial_co_window_serial, co_window_of_opportunity_a,
          co_window_corner_a, co_window_paths_a, co_window_corner_a,
          co_window_paths_a, co_window_of_opportunity_a, co_window_paths_b,
          co_window_corner_b, co_window_unsneaky_path_c, co_window_broadway_a,
          co_window_unsneaky_path_b, co_window_paths_c,
          co_window_of_opportunity_c, gup_sewer_entry_spiral,
          minmay_fractal_squares_gapless_5, uniq_sigmund
D:5:      layout_cave_pools, serial_shops, shop, kennysheep_generic_room_3
D:6:      layout_gridville, dancing_weapons_uskayaw,
          minmay_temple_entry_mini_moons, minmay_lizard_king
D:7:      layout_rooms, kennysheep_generic_room_10, uniq_duvessa, uniq_harold
D:8:      layout_basic, vehumet_statue, uniq_maggie
D:9:      layout_irregular_city, lemuel_coloured_pillars_altar,
          old_standard_altar, kennysheep_another_room, uniq_grum, uniq_erolcha
D:10:     gammafunk_beogh_shrine, layout_basic, lair_entry_dummy, uniq_urug
D:11:     layout_long_grid, serial_shops, nicolae_shop_trees
D:12:     layout_loops_corners, orc_0_dummy
D:13:     layout_long_grid
Lair:1:   gammafunk_boulding_lane, layout_small_grid, beast_lair_carwin_1
Lair:2:   layout_hall_layers, grunt_forest_large_clearings, serial_bayou_shore_b

Skill      XL: |  1  2  3  4  5  6  7  8  9 10 11 12 13 14 |
---------------+-------------------------------------------+-----
Short Blades   | 5 6 7 8 9 10 | 10.0
Stealth        | 2 4 6 8 10 11 13 | 13.2
Throwing       | 1 2 3 4 5 |  5.0
Dodging        | 3 4 5 7 9 10 11 | 11.6
Evocations     | 1 2 3 5 7 8 10 11 | 11.4
Fighting       | 4 5 7 8 9 10 11 | 11.0
Crossbows      | 2 4 6 8 9 10 | 10.5
Shields        | 2 3 |  3.0
Armour         | 2 |  2.7

Action                   |  1- 3 |  4- 6 |  7- 9 | 10-12 | 13-15 || total
-------------------------+-------+-------+-------+-------+-------++-------
Melee: Short sword       |    84 |   157 |   198 |    40 |     9 ||   488
       Dagger            |       |       |   129 |   584 |   255 ||   968
       Rapier            |       |       |       |       |    23 ||    23
 Fire: Hand crossbow     |       |       |    68 |   229 |   199 ||   496
Throw: Dart              |       |       |     1 |     7 |     3 ||    11
Invok: Berserk           |     1 |     5 |     4 |     6 |     4 ||    20
       Trog's Hand       |       |       |       |     1 |     3 ||     4
       Brothers in Arms  |       |       |       |     2 |     4 ||     6
Evoke: Wand              |       |     1 |     2 |    15 |    19 ||    37
  Use: Scroll            |       |     6 |    18 |    10 |     8 ||    42
       Potion            |       |       |     1 |     2 |     2 ||     5
 Stab: Sleeping          |     9 |    16 |    38 |    44 |    14 ||   121
       Distracted        |       |       |     1 |     1 |       ||     2
       Paralysed         |       |       |       |       |     2 ||     2
       Petrified         |       |       |       |       |     2 ||     2
Armor: Animal skin       |     7 |     5 |    30 |    12 |       ||    54
       Steam dragon scal |       |       |       |    64 |    46 ||   110
Dodge: Dodged            |    49 |    74 |   196 |   485 |   477 ||  1281
Block: Buckler           |       |       |       |       |    32 ||    32

Table legend: (Time is in decaauts)
 A = Elapsed time spent in this place.
 B = Non-inter-level travel time spent in this place.
 C = Inter-level travel time spent in this place.
 D = Time resting spent in this place.
 E = Time spent auto-exploring this place.
 F = Levels seen in this place.
 G = Mean time per level.
                   A        B        C        D        E       F      G
               +--------+--------+--------+--------+--------+-----+--------+
         Total |  20127 |  19225 |    902 |   5472 |   9624 |  16 | 1257.9 |
       Dungeon |  16850 |  16019 |    831 |   4448 |   8221 |  13 | 1296.2 |
          Lair |   2950 |   2879 |     71 |   1011 |   1228 |   2 | 1475.0 |
         Sewer |    327 |    327 |      0 |     13 |    175 |   1 |  327.0 |
               +--------+--------+--------+--------+--------+-----+--------+

Top non-repeatable levels by time:
    D:13: 2264 daAuts
  Lair:1: 1949 daAuts
     D:6: 1851 daAuts
    D:12: 1625 daAuts
    D:11: 1476 daAuts
     D:4: 1315 daAuts
    D:10: 1276 daAuts
     D:9: 1152 daAuts
     D:3: 1152 daAuts
     D:1: 1137 daAuts
  Lair:2: 1000 daAuts
     D:2: 953 daAuts
     D:8: 947 daAuts
     D:7: 900 daAuts
     D:5: 796 daAuts
